 Dungeon Crawl Stone Soup version 0.31-a0-188-g5e087ee2ca (webtiles) character file.

Game seed: 1173814201343055869

95 qw the Shooter (level 4, 0/25 HPs)
             Began as a Deep Elf Hunter on June 23, 2023.
             Succumbed to their own poison gas
             ... on level 2 of the Dungeon.
             The game lasted 00:00:44 (1721 turns).

qw the Shooter (Deep Elf Hunter)                    Turns: 1721, Time: 00:00:44

Health: 0/25       AC:  5    Str: 10    XL:     4   Next: 40%
Magic:  6/6        EV: 11    Int: 14    God:
Gold:   113        SH:  0    Dex: 18    Spells: 3/3 levels left

rFire   . . .        Y - +0 shortbow (drain)
rCold   . . .        (shield currently unavailable)
rNeg    . . .        i - +0 ring mail
rPois   .            (no helmet)
rElec   .            (no cloak)
rCorr   .            (no gloves)
SInv    .            (no boots)
Will    .....        (no amulet)
Stlth   +            (no ring)
HPRegen 0.24/turn    (no ring)
MPRegen 0.10/turn

%: no passive effects
@: lethally poisoned (0 -> -3)
A: no striking features
a: no special abilities


You were on level 2 of the Dungeon.
You visited 1 branch of the dungeon, and saw 2 of its levels.

You collected 113 gold pieces.


   Skills:
 - Level 1.5 Fighting
 + Level 7.8 Ranged Weapons
 - Level 2.4 Dodging
 - Level 1.2 Stealth


You had 3 spell levels left.
You didn't know any spells.
Your spell library was empty.

Inventory:

Hand Weapons
 Y - a +0 shortbow of draining (weapon)
Armour
 i - a +0 ring mail (worn)
Scrolls
 a - a scroll of identify
Potions
 d - a potion of heal wounds
 f - a potion of curing {unknown}
 g - a potion of might {unknown}
 h - a potion of degeneration {unknown}
 j - a potion of cancellation {unknown}
 k - a potion of lignification {unknown}

Dungeon Overview and Level Annotations

Branches:
Dungeon (2/15)

Altars:


Message History

The air fills with toxic fumes!
As you read the scroll labelled DIEKYO FELEAWO, it crumbles to dust.
It was a scroll of poison.
Done exploring.
(D) Dungeon
Where to? (* - list waypoints, Enter - D:2, ? - help)
What level of the Dungeon? (default 1, ? - help) Sorry, I don't know how to get there.
Enter note:
Enter note:
Enter note:
Enter note:
Enter note:
Enter note:
Enter note:
Enter note:
Enter note:
Enter note:
Enter note:
Enter note:
Enter note:
Enter note:
Enter note: Really walk into that cloud of poison gas?
You are engulfed in poison gas.
You are poisoned.
You feel very sick.
1715 ||| Stepping ~*~*~tactically~*~*~ (cloud).
You feel very sick.
There is a lethal amount of poison in your body!
You feel very sick.
There is a lethal amount of poison in your body!
You feel sick.
There is a lethal amount of poison in your body!
You feel sick.
There is a lethal amount of poison in your body!
You feel sick.
There is a lethal amount of poison in your body!
You feel sick.
There is a lethal amount of poison in your body!
You die...

#####
#@¤¤#
#¤¤¤#
######
#¤¤¤#
#.....
#0¤¤#
#...8.
##¤¤¤###
#..###
#¤0¤¤¤.#
#.....
#¤¤¤¤¤¤#
####.....
#0¤¤0¤0#
#........
#......#
#........


There were no monsters in sight!

Vanquished Creatures
  3 adders (D:2)
  3 dart slugs
  2 endoplasms
  5 giant cockroaches
  4 goblins
  8 hobgoblins
  8 jackals (D:1)
  3 quokkas
  3 ball pythons
  2 bats
  2 frilled lizards (D:1)
  8 kobolds
  8 rats
59 creatures vanquished.

Notes
Turn   | Place    | Note
-------+----------+-------------------------------------------
     0 | D:1      | qw the Deep Elf Hunter began the quest for the Orb.
     0 | D:1      | Reached XP level 1. HP: 12/12 MP: 3/3
     0 | D:1      | 0 ||| qw: Version: 0.3-a-9-g12657ce
     0 | D:1      | 0 ||| qw: Game counter: 3858
     0 | D:1      | 0 ||| qw: Always use a shield: true
     0 | D:1      | 0 ||| qw: God list: Okawaru
     0 | D:1      | 0 ||| qw: Allow faded altars: false
     0 | D:1      | 0 ||| qw: Do Orc after D:15 true
     0 | D:1      | 0 ||| qw: Do second Lair branch before Depths: true
     0 | D:1      | 0 ||| qw: Lair rune preference: random
     0 | D:1      | 0 ||| qw: Plans: Normal
     0 | D:1      | 0 ||| PLANNING D:1-11
    81 | D:1      | Reached skill level 6 in Ranged Weapons
    81 | D:1      | Reached XP level 2. HP: 9/16 MP: 4/4
   423 | D:1      | Reached XP level 3. HP: 19/20 MP: 5/5
   612 | D:1      | Reached skill level 7 in Ranged Weapons
   848 | D:1      | 848 ||| UPGRADING to +0 ring mail.
   858 | D:1      | 858 ||| DROPPING +0 leather armour.
   859 | D:1      | 859 ||| READING 2 scrolls labelled GIAFIEKIUR.
   860 | D:1      | 860 ||| READING scroll of brand weapon.
   860 | D:1      | 860 ||| BRANDING +0 shortbow of flaming.
   861 | D:1      | 861 ||| DROPPING scroll of butterflies.
  1070 | D:2      | Reached XP level 4. HP: 25/25 MP: 6/6
  1189 | D:2      | Found a faded altar of an unknown god.
  1625 | D:2      | 1625 ||| READING 4 scrolls labelled TUM TAUNYUGATTITIY.
  1626 | D:2      | 1626 ||| READING scroll labelled XIOGYH COBOHI.
  1627 | D:2      | 1627 ||| READING scroll labelled MYLACRIMNO.
  1628 | D:2      | 1628 ||| READING 3 scrolls of identify.
  1628 | D:2      | 1628 ||| IDENTIFYING red potion
  1646 | D:2      | 1646 ||| READING 2 scrolls of identify.
  1646 | D:2      | 1646 ||| IDENTIFYING bubbling red potion
  1647 | D:2      | 1647 ||| DROPPING potion of brilliance.
  1713 | D:2      | 1713 ||| READING scroll labelled DIEKYO FELEAWO.
  1715 | D:2      | 1715 ||| Stepping ~*~*~tactically~*~*~ (cloud).
  1717 | D:2      | HP: 5/25 [poisoned by you (poison gas)]
  1719 | D:2      | HP: 1/25 [poisoned by you (poison gas)]
  1721 | D:2      | Succumbed to their own poison gas

Levels and vault maps discovered:
D:1:      ncdulo_smallfort, layout_basic, minmay_tromino_mix6
D:2:      layout_basic, ebering_ecumenical_altar_rust, minmay_misc_feat_pillars,
          chequers_decorated_corner, hangedman_glass_teeth,
          minmay_increasing_density

Skill      XL: |  1  2  3 |
---------------+----------+-----
Ranged Weapons | 6 7 |  7.8
Fighting       | |  1.5
Dodging        | |  2.4
Stealth        | |  1.2

Action                     |  1- 3 |  4- 6 || total
---------------------------+-------+-------++-------
   Fire: Shortbow          |   134 |    31 ||   165
    Use: Scroll            |     2 |     6 ||     8
 Armour: Leather armour    |    12 |       ||    12
         Ring mail         |     2 |     2 ||     4
  Dodge: Dodged            |    45 |     5 ||    50

Table legend:
 A = Non-vault XP
 B = Vault XP
 C = Vault XP percentage of total XP
 D = Non-vault monster count
 E = Vault monster count
 F = Vault count percentage of total count
                 A         B        C        D         E       F
            +---------+---------+-------+---------+---------+-------
      Total |     115 |      22 |  16.1 |      51 |       8 |  13.6
            +---------+---------+-------+---------+---------+-------
        D:1 |      62 |       3 |   4.6 |      35 |       2 |   5.4
        D:2 |      53 |      19 |  26.4 |      16 |       6 |  27.3
            +---------+---------+-------+---------+---------+-------
